 Dungeon Crawl Stone Soup version 0.22.1-1-ga44c0e5 (webtiles) character file.

5076 schauveau the Arsonist (level 10, -11/77 HPs)
             Began as a Demigod Fire Elementalist on Oct 8, 2018.
             Mangled by a death yak (21 damage)
             ... led by a torpor snail
             ... on level 2 of the Lair of Beasts.
             The game lasted 00:37:30 (12083 turns).

schauveau the Arsonist (Demigod Fire Elementalist) Turns: 12083, Time: 00:37:31

Health: -11/77     AC:  4    Str: 11    XL:     10   Next: 10%
Magic:  12/25      EV: 14    Int: 25    God:
Gold:   409        SH:  0    Dex: 16    Spells: 5/21 levels left

rFire    + . .     SeeInvis .   p - +2 flail (protect)
rCold    . . .     Gourm    .   (no shield)
rNeg     . . .     Faith    .   a - +0 robe
rPois    .         Spirit   .   (no helmet)
rElec    .         Reflect  .   (no cloak)
rCorr    .         Harm     .   d - +0 pair of gloves
MR       ++...     Clarity  +   k - +0 pair of boots
Stlth    ++........             m - amulet of the acrobat
HPRegen  0.22/turn              x - ring of protection from magic
MPRegen  0.19/turn              (no ring)

@: no status effects
A: claws 1, clarity, fire resistance 1, high mp 2, MP-powered wands
a: no special abilities


You were on level 2 of the Lair of Beasts.
You were not hungry.

You visited 2 branches of the dungeon, and saw 11 of its levels.

You collected 409 gold pieces.

Inventory:

Hand Weapons
 i - a +0 whip of freezing
 p - a +2 flail of protection (weapon)
 q - a +0 blowgun
 B - a +2 short sword of draining
Missiles
 b - 10 javelins
 j - 18 tomahawks (quivered)
 l - 11 poisoned needles
 u - 5 throwing nets
 v - 4 steel javelins
 A - 2 silver tomahawks
Armour
 a - a +0 robe (worn)
 d - a +0 pair of gloves (worn)
 k - a +0 pair of boots (worn)
Magical Staves
 H - an uncursed staff of death
Jewellery
 m - an amulet of the acrobat (around neck)
 x - a ring of protection from magic (left hand)
Wands
 e - a wand of paralysis (9)
 w - a wand of disintegration (17)
 z - a wand of iceblast (10)
 J - a wand of scattershot (5)
Scrolls
 g - 3 scrolls of amnesia
 s - 2 scrolls of remove curse
 t - 2 scrolls of magic mapping
 y - 2 scrolls of fear {unknown}
 C - a scroll of fog
 D - a scroll of enchant weapon
 F - 3 scrolls of identify
Potions
 f - 2 potions of haste
 h - a potion of agility
 n - a potion of flight
 r - 3 potions of might
 E - a potion of lignification
 G - a potion of invisibility {unknown}
Comestibles
 c - 17 rations


   Skills:
 + Level 3.4 Fighting
 + Level 4.1 Dodging
 - Level 1.7 Stealth
 + Level 6.1 Spellcasting
 + Level 6.6 Conjurations
 * Level 9.6 Fire Magic


You had 5 spell levels left.
You knew the following spells:

 Your Spells              Type           Power        Failure   Level  Hunger
a - Flame Tongue          Conj/Fire      #####        1%          1    None
b - Throw Flame           Conj/Fire      #####.       1%          2    None
c - Conjure Flame         Conj/Fire      #####...     1%          3    None
d - Animate Skeleton      Necr           N/A          8%          1    None
e - Sticky Flame          Conj/Fire      #####...     2%          4    ###....
f - Fireball              Conj/Fire      #####.....   7%          5    #####..

Your spell library contained the following spells:

 Spells                   Type           Power        Failure   Level  Hunger
 Inner Flame              Hex/Fire       ####....     3%          3    None
 Confusing Touch          Hex            #.....       8%          1    None
 Pain                     Necr           #...         8%          1    None
 Confuse                  Hex            #.......     22%         3    None
 Gell's Gravitas          Tloc           #.........   22%         3    None
 Regeneration             Chrm/Necr      #.........   22%         3    None
 Vampiric Draining        Necr           #.........   22%         3    None
 Animate Dead             Necr           N/A          58%         4    ###....
 Petrify                  Tmut/Erth      #.......     58%         4    ###....
 Metabolic Englaciation   Hex/Ice        #.........   90%         5    #####..
 Yara's Violent Unravell  Hex/Tmut       #.........   90%         5    #####..


Dungeon Overview and Level Annotations

Branches:
Dungeon (9/15)             Temple (0/1) D:5            Lair (2/6) D:8
  Swamp: Lair:2-4    Shoals: Lair:2-4     Snake: Lair:2-4    Spider: Lair:2-4
    Orc: D:9-12

Shops:
D:7 %

Annotations:
D:4 Sigmund
D:5 3 runed doors, SaintRoka's ghost, novice NaGl
D:8 1 runed door, brandon's ghost, novice MiBe
Lair:1 Urug


Innate Abilities, Weirdness & Mutations

You have a considerably increased reservoir of magic. (+20% MP)
You have sharp fingernails.
You possess an exceptional clarity of mind.
Your flesh is heat resistant. (rF+)
You expend magic power (3 MP) to strengthen your wands.


Message History

Casting: Flame Tongue (safe; 1% risk of failure)
Confirm with . or Enter, or press ? or * to list all spells.
Aiming: Flame Tongue (safe; 1% risk of failure)
Press: ? - help, Shift-Dir - straight line, f/p - death yak
Aim: a death yak (flame, severely wounded)
The flame tongue hits the death yak.
The death yak is severely wounded.
The death yak is engulfed in blazing flames.
The death yak gores you!
* * * LOW HITPOINT WARNING * * *
Casting: Flame Tongue (safe; 1% risk of failure)
Confirm with . or Enter, or press ? or * to list all spells.
Aiming: Flame Tongue (safe; 1% risk of failure)
Press: ? - help, Shift-Dir - straight line, f/p - death yak
Aim: a death yak (flame, severely wounded)
The flame tongue hits the death yak.
The death yak is almost dead.
The death yak is engulfed in blazing flames.
The death yak gores you!!
You die...

#..w...>?....^..
#.>.....#...^^.^[.^.
#.#..##.##........l.
#...#.#....#.....##.
#...### .....P.#
##....## #.....
###...###...#
###..##...# #..Y@..#
##.#...###
####....## #.....#
##....## #.....#
###...## #.#..#
#....#


You could see a death yak and a komodo dragon.

Vanquished Creatures
  Pikel (D:4)
  A spiny frog (Lair:2)
  A torpor snail (Lair:2)
  A hippogriff (Lair:1)
  A basilisk (Lair:1)
  Menkaure (D:6)
  2 water moccasins
  A black bear (D:5)
  5 porcupines
  3 ice beasts
  A sky beast (D:7)
  An orc warrior (D:7)
  2 ogres
  2 phantoms (D:8)
  3 wolves (Lair:2)
  2 crocodiles
  6 bullfrogs
  3 scorpions
  4 howler monkeys
  3 wights (D:7)
  6 crimson imps
  A centaur zombie (D:7)
  A hound (D:6)
  An orc priest (D:7)
  3 orc wizards
  A centaur skeleton (D:8)
  2 hell rats (D:8)
  3 worker ants
  A killer bee zombie (D:7)
  A hound skeleton (D:8)
  2 hound zombies
  2 worker ant zombies
  4 gnolls (D:6)
  4 adders
  A river rat (D:8)
  A shadow imp (D:6)
  2 adder zombies (D:7)
  An adder skeleton (D:5)
  2 dart slugs (D:2)
  3 leopard geckos
  19 orcs
  4 ball pythons
  4 giant cockroaches
  12 goblins
  8 hobgoblins
  12 jackals
  6 kobolds
  4 quokkas
  12 bats
  11 frilled lizards
  5 rats
183 creatures vanquished.

Vanquished Creatures (collateral kills)
  A frilled lizard (D:5)
1 creature vanquished.

Vanquished Creatures (others)
  An iguana (D:5)
  An orc wizard (D:6)
  A leopard gecko (D:5)
  3 jackals (D:5)
  4 fungi
  A plant (D:5)
11 creatures vanquished.

Grand Total: 195 creatures vanquished

Notes
Turn   | Place    | Note
-------+----------+-------------------------------------------
     0 | D:1      | schauveau the Demigod Fire Elementalist began the quest for
                  | the Orb.
     0 | D:1      | Reached XP level 1. HP: 14/14 MP: 5/5
    98 | D:1      | Reached skill level 1 in Conjurations
   320 | D:1      | Reached XP level 2. HP: 20/20 MP: 5/7
   380 | D:1      | Learned a level 2 spell: Throw Flame
   384 | D:1      | Reached skill level 3 in Fire Magic
   595 | D:1      | Reached XP level 3. HP: 27/27 MP: 6/8
   653 | D:1      | Learned a level 3 spell: Conjure Flame
  1818 | D:2      | Reached skill level 1 in Fighting
  1829 | D:2      | Reached XP level 4. HP: 35/35 MP: 9/9
  2041 | D:3      | Noticed Sigmund
  2778 | D:4      | Found an ancient bone altar of Kikubaaqudgha.
  2779 | D:4      | Found a blossoming altar of Fedhas.
  2854 | D:5      | Entered Level 5 of the Dungeon
  2887 | D:4      | Reached skill level 4 in Fire Magic
  2887 | D:4      | Reached XP level 5. HP: 22/40 MP: 3/11
  3777 | D:5      | Found a runed gate.
  3794 | D:5      | Found a runed gate.
  3795 | D:5      | Found a runed gate.
  3797 | D:5      | Noticed SaintRoka's ghost (novice NaGl)
  3820 | D:5      | Found a snail-covered altar of Cheibriados.
  3866 | D:5      | Noticed Pikel
  3869 | D:5      | Noticed a slave
  3891 | D:5      | Noticed a slave
  3907 | D:4      | HP: 2/40 [Pikel/whip of freezing (2)]
  3911 | D:4      | Killed Pikel
  3911 | D:4      | Reached skill level 5 in Fire Magic
  3911 | D:4      | Reached XP level 6. HP: 25/47 MP: 0/14
  3911 | D:4      | Reached XP level 7. HP: 27/52 MP: 0/15
  4262 | D:5      | Learned a level 1 spell: Animate Skeleton
  4601 | D:5      | Reached skill level 6 in Fire Magic
  4606 | D:5      | Found a staircase to the Ecumenical Temple.
  4625 | D:5      | Gained mutation: Your mind is acute. (Int +2) [potion of
                  | mutation]
  4625 | D:5      | Gained mutation: You are clumsy. (Dex -2) [potion of
                  | mutation]
  4625 | D:5      | Gained mutation: You have sharp fingernails. [potion of
                  | mutation]
  5193 | D:6      | Found a hazy altar of Hepliaklqana.
  5195 | D:6      | Found a shimmering altar of Xom.
  5196 | D:6      | Noticed a spectral ugly thing
  5471 | D:7      | Found an ornate altar of the Wu Jian Council.
  5471 | D:7      | Found a snail-covered altar of Cheibriados.
  5494 | D:7      | Reached XP level 8. HP: 26/59 MP: 7/17
  6078 | D:6      | Noticed Menkaure
  6082 | D:6      | Killed Menkaure
  6082 | D:6      | Reached skill level 7 in Fire Magic
  6199 | D:6      | Found a sparkling altar of Nemelex Xobeh.
  6552 | D:7      | Reached skill level 5 in Conjurations
  7109 | D:7      | Reached skill level 5 in Spellcasting
  7155 | D:7      | Lost mutation: You are clumsy. (Dex -2) [potion of
                  | mutation]
  7155 | D:7      | Lost mutation: Your mind is acute. (Int +2) [potion of
                  | mutation]
  7155 | D:7      | Gained mutation: Your flesh is heat resistant. (rF+)
                  | [potion of mutation]
  7155 | D:7      | Gained mutation: You expend magic power (3 MP) to
                  | strengthen your wands. [potion of mutation]
  7155 | D:7      | Gained mutation: You possess an exceptional clarity of
                  | mind. [potion of mutation]
  7155 | D:7      | Gained mutation: You have a considerably increased
                  | reservoir of magic. (+20% MP) [potion of mutation]
  7188 | D:7      | Found a white marble altar of Elyvilon.
  7214 | D:7      | Learned a level 4 spell: Sticky Flame
  7237 | D:7      | Reached skill level 8 in Fire Magic
  7363 | D:7      | Found Noapn's Food Emporium.
  7975 | D:7      | Found a stormy altar of Qazlal.
  7976 | D:7      | Found a glowing silver altar of Zin.
  8095 | D:7      | Found a radiant altar of Vehumet.
  8219 | D:8      | Learned a level 5 spell: Fireball
  8226 | D:8      | Reached XP level 9. HP: 56/64 MP: 14/22
  8314 | D:8      | Found a runed door.
  8314 | D:8      | Noticed brandon's ghost (novice MiBe)
  8698 | D:8      | Noticed a death yak
  8709 | D:8      | Noticed a death yak
  8714 | D:8      | Noticed a death yak
  8716 | D:8      | HP: 2/67 [death yak (6)]
  8725 | D:8      | You fall through a shaft!
 10056 | D:8      | Found a staircase to the Lair.
 10067 | D:8      | Reached skill level 9 in Fire Magic
 10524 | Lair:1   | Entered Level 1 of the Lair of Beasts
 11063 | Lair:1   | Noticed Urug
 11327 | Lair:2   | Noticed a komodo dragon
 11347 | Lair:2   | Noticed a spiny frog
 11355 | Lair:2   | HP: 1/69 [spiny frog (14)]
 11358 | Lair:2   | Killed a spiny frog
 11424 | Lair:2   | Noticed a torpor snail
 11425 | Lair:2   | Noticed a death yak
 11425 | Lair:2   | Noticed a komodo dragon
 11506 | Lair:2   | Reached XP level 10. HP: 22/77 MP: 19/24
 12077 | Lair:2   | Killed a torpor snail
 12083 | Lair:2   | Mangled by a death yak

Skill      XL: |  1  2  3  4  5  6  7  8  9 10 |
---------------+-------------------------------+-----
Conjurations   | 1 2 3 4 5 6 |  6.6
Dodging        | 2 3 4 |  4.1
Fire Magic     | 3 4 5 6 8 9 |  9.6
Spellcasting   | 2 3 4 5 6 |  6.1
Fighting       | 1 3 |  3.4
Stealth        | |  1.7

Action                   |  1- 3 |  4- 6 |  7- 9 | 10-12 || total
-------------------------+-------+-------+-------+-------++-------
Melee: Short sword       |    41 |    14 |    61 |       ||   116
       Whip              |       |       |   382 |       ||   382
       Flail             |       |       |    30 |       ||    30
Throw: Throwing net      |       |       |     1 |       ||     1
       Tomahawk          |       |       |     1 |       ||     1
 Cast: Flame Tongue      |    86 |    54 |   252 |    29 ||   421
       Throw Flame       |     7 |    12 |    29 |     1 ||    49
       Conjure Flame     |       |     1 |     5 |     1 ||     7
       Animate Skeleton  |       |       |     8 |       ||     8
  Use: Scroll            |     5 |     7 |     6 |     1 ||    19
       Potion            |     1 |     2 |     9 |       ||    12
 Stab: Sleeping          |     2 |       |     2 |       ||     4
       Distracted        |       |       |     1 |       ||     1
  Eat: Chunk             |     4 |     3 |     4 |       ||    11
       Ration            |       |     2 |     7 |       ||     9
Armor: Robe              |    12 |    17 |   124 |     1 ||   154
Dodge: Dodged            |    57 |    51 |   396 |    15 ||   519
